 Dungeon Crawl Stone Soup version 0.31-a0-198-g2ad674f65e (webtiles) character file.

Game seed: 10001687559246842037

79 porpoise the Cutter (level 4, 0/27 HPs)
             Began as a Tengu Gladiator on June 25, 2023.
             Slain by a gnoll
             ... wielding a +0 halberd
              (8 damage)
             ... on level 2 of the Dungeon.
             The game lasted 00:04:16 (1411 turns).

porpoise the Cutter (Tengu Gladiator)               Turns: 1411, Time: 00:04:17

Health: 0/27       AC:  3    Str: 14    XL:     4   Next: 37%
Magic:  5/5        EV: 13    Int:  8    God:
Gold:   51         SH:  5    Dex: 18    Spells: 3/3 levels left

rFire   . . .        a - +0 rapier
rCold   . . .        (no shield)
rNeg    . . .        b - +0 leather armour
rPois   .            c - +0 hat
rElec   .            (no cloak)
rCorr   .            (no gloves)
SInv    .            (boots unavailable)
Will    .....        k - amulet of reflection
Stlth   ++           (no ring)
HPRegen 0.24/turn    (no ring)
MPRegen 0.09/turn

%: reflection
@: no status effects
A: beak, talons 3
a: no special abilities


You were on level 2 of the Dungeon.
You visited 1 branch of the dungeon, and saw 2 of its levels.

You collected 51 gold pieces.

Inventory:

Hand Weapons
 a - a +0 rapier (weapon)
Missiles
 d - 3 throwing nets (quivered)
 e - a javelin
 f - 6 poisoned darts
Armour
 b - a +0 leather armour (worn)
 c - a +0 hat (worn)
Jewellery
 k - an amulet of reflection (around neck)
Scrolls
 h - a scroll of noise
 i - a scroll of enchant weapon {unknown}
 j - a scroll of immolation {unknown}
 m - a scroll of silence {unknown}
 n - a scroll of enchant armour {unknown}
Potions
 g - a potion of might {unknown}
 l - a potion of heal wounds {unknown}


   Skills:
 + Level 2.8 Fighting
 * Level 4.5 Short Blades
 - Level 2.0 Throwing
 - Level 3.2 Dodging
 + Level 1.8 Stealth


You had 3 spell levels left.
You didn't know any spells.
Your spell library contained the following spells:

 Spells                   Type           Power      Damage    Failure   Level
 Hailstorm                Conj/Ice       0%         3d3       86%         3
 Ice Form                 Ice/Tmut       0%         N/A       99%         4
 Simulacrum               Ice/Necr       0%         N/A       100%        6


Dungeon Overview and Level Annotations

Branches:
Dungeon (2/15)

Altars:


Innate Abilities, Weirdness & Mutations

You have a beak for a mouth.
You have claws for feet.


Message History

There is a stone staircase leading down here.
You see here a +0 spear.
There is a stone staircase leading down here.
You climb downwards.
A gnoll comes into view. It is wielding a +0 halberd.
There is a stone staircase leading up, spattered with blood here.
You start waiting.
Done waiting.
You now have 51 gold pieces (gained 14).
Items here: ( ) [ ÷.
Okay, then.
A ball python comes into view.
The ball python hisses angrily.
You closely miss the ball python. The ball python barely misses you.
The ball python grabs you. The ball python constricts you.
A gnoll comes into view. It is wielding a +0 halberd.
The ball python barely misses you. The ball python constricts you.
The gnoll shouts!
You hit the ball python.
You kill the ball python!
A bat comes into view.
The gnoll shouts!
Found a faded altar of an unknown god.
Found a stone staircase leading down.
The gnoll closely misses you. The gnoll hits you with a +0 halberd!
The gnoll hits you from afar with a +0 halberd.
You hit the gnoll. You claw the gnoll!
The gnoll is severely wounded.
The bat barely misses you. The gnoll hits you with a +0 halberd!
The gnoll hits you from afar with a +0 halberd.
* * * LOW HITPOINT WARNING * * *
You closely miss the gnoll. Your peck misses the gnoll.
The gnoll is severely wounded.
The bat closely misses you. The gnoll closely misses you.
You block the gnoll's attack.
You barely miss the gnoll.
The gnoll is severely wounded.
The bat hits you but does no damage.
The gnoll hits you from afar with a +0 halberd!
You die...

......# ...
#.#...#....
##.#.#.....♣..
#.....#......♣
##.#.#....♣._
#.....#....♣
##.#.##....♣..
#.............
##.#.#@.......
#.####......gg.....
#.....#.#.#b.......
#.###............>.
###.#.#........
#.............
##.#.####.....
#[....# #####
##.#.##


You could see 2 gnolls and a bat.

Vanquished Creatures
  2 gnolls (D:1)
  3 adders (D:2)
  2 dart slugs (D:1)
  2 bats (D:1)
  An endoplasm (D:1)
  3 goblins
  2 hobgoblins
  3 jackals (D:1)
  6 kobolds
  2 ball pythons
  3 frilled lizards (D:1)
  2 rats
31 creatures vanquished.

Notes
Turn   | Place    | Note
-------+----------+-------------------------------------------
     0 | D:1      | porpoise the Tengu Gladiator began the quest for the Orb.
     0 | D:1      | Reached XP level 1. HP: 12/12 MP: 2/2
   167 | D:1      | Reached XP level 2. HP: 12/17 MP: 3/3
   541 | D:1      | Reached skill level 1 in Stealth
   597 | D:1      | Reached XP level 3. HP: 18/22 MP: 4/4
   671 | D:1      | Reached skill level 4 in Short Blades
  1151 | D:2      | Reached XP level 4. HP: 27/27 MP: 5/5
  1407 | D:2      | Found a faded altar of an unknown god.
  1411 | D:2      | Slain by a gnoll

Illustrated notes

Levels and vault maps discovered:
D:1:      dpeg_arrival_orchard, layout_basic
D:2:      layout_loops_ring, dreamdust_ecumenical_altar_grove, chequers_jeans,
          st_stairs_13, nicolae_figureground_sparkle

Skill      XL: |  1  2  3 |
---------------+----------+-----
Stealth        | 1 |  1.8
Short Blades   | 4 |  4.5
Fighting       | |  2.8
Throwing       | |  2.0
Dodging        | |  3.2

Action                     |  1- 3 |  4- 6 || total
---------------------------+-------+-------++-------
  Melee: Rapier            |    79 |    18 ||    97
         Kick              |    18 |     3 ||    21
         Peck              |    13 |     2 ||    15
    Use: Scroll            |     1 |       ||     1
 Armour: Leather armour    |    16 |     2 ||    18
  Dodge: Dodged            |    24 |    13 ||    37
  Block: Other             |    14 |     5 ||    19

Table legend: (Time is in decaauts)
 A = Elapsed time spent in this place.
 B = Non-inter-level travel time spent in this place.
 C = Inter-level travel time spent in this place.
 D = Time resting spent in this place.
 E = Time spent auto-exploring this place.
 F = Levels seen in this place.
 G = Mean time per level.
                   A        B        C        D        E       F      G
               +--------+--------+--------+--------+--------+-----+--------+
         Total |   1412 |   1366 |     46 |    531 |    552 |   2 |  706.0 |
       Dungeon |   1412 |   1366 |     46 |    531 |    552 |   2 |  706.0 |
               +--------+--------+--------+--------+--------+-----+--------+

Top non-repeatable levels by time:
     D:1: 1060 daAuts
     D:2: 352 daAuts
